 Dungeon Crawl Stone Soup version 0.19-a0-526-gbe2e51c (webtiles) character file.

854 Kidiri the Magician (level 7, -10/38 HPs)
             Began as a Deep Elf Fire Elementalist on June 7, 2016.
             Engulfed by a cloud of flame (25 damage)
             ... on level 5 of the Dungeon.
             The game lasted 00:33:21 (4158 turns).

Kidiri the Magician (Deep Elf Fire Elementalist)    Turns: 4158, Time: 00:33:21

Health: -10/38     AC:  3    Str:  5    XL:     7   Next: 70%
Magic:  19/19      EV: 13    Int: 22    God:
Gold:   285        SH:  0    Dex: 15    Spells: 7 memorised, 0 levels left

rFire  . . .     SeeInvis .     j - +0 dagger
rCold  . . .     Gourm    .     a - +0 robe
rNeg   + . .     Faith    .     (no shield)
rPois  .         Spirit   .     (no helmet)
rElec  .         Dismiss  .     (no cloak)
rCorr  .         Reflect  .     z - +0 pair of gloves
SustAt .         Harm     .     (no boots)
MR     .....                    i - amulet of magic regeneration
Stlth  ++........               (no ring)
                                e - ring of positive energy

@: not resistant to hostile enchantments, unstealthy
A: no striking features
a: no special abilities


You were on level 5 of the Dungeon.
You were not hungry.

You visited 1 branch of the dungeon, and saw 5 of its levels.

You collected 285 gold pieces.

Inventory:

Hand Weapons
 j - a +0 dagger (weapon)
Armour
 a - a +0 robe (worn)
 n - a +1 shield
 z - a +0 pair of gloves (worn)
Jewellery
 e - a ring of positive energy (left hand)
 i - an amulet of magic regeneration (around neck)
 m - an uncursed amulet of rage
Wands
 y - a wand of iceblast (10/15)
Scrolls
 h - a scroll of blinking
 l - 2 scrolls of remove curse
 r - a scroll of fear
 v - a scroll of teleportation
Potions
 d - a potion of lignification
 f - a potion of curing
 g - a potion of flight
 p - 2 potions of brilliance {unknown}
 q - a potion of might {unknown}
 s - 5 potions of haste {unknown}
 u - 2 potions of agility {unknown}
 w - a potion of magic {unknown}
 x - a potion of mutation {unknown}
Books
 b - a book of Flames

   Spells                             Type                      Level
   a - Flame Tongue                   Conjuration/Fire             1
   b - Throw Flame                    Conjuration/Fire             2
   c - Conjure Flame                  Conjuration/Fire             3
   d - Inner Flame                    Hexes/Fire                   3
   e - Sticky Flame                   Conjuration/Fire             4
   f - Fireball                       Conjuration/Fire             5
 B - a book of Cantrips

   Spells                             Type                      Level
   a - Corona                         Hexes                        1
   b - Animate Skeleton               Necromancy                   1
   c - Summon Small Mammal            Summoning                    1
   d - Apportation                    Translocation                1
Comestibles
 c - 3 bread rations
 k - a meat ration
 o - a slice of pizza
 t - 8 chunks of flesh
 A - a beef jerky


   Skills:
 + Level 1.0 Fighting
 + Level 1.2 Short Blades
 + Level 0.8 Armour
 + Level 3.1 Dodging
 - Level 2.4 Stealth
 + Level 1.0 Shields
 * Level 6.6 Spellcasting
 * Level 4.7 Conjurations
 * Level 5.9 Fire Magic
 + Level 1.5 Evocations


You couldn't memorise any spells.
You knew the following spells:

 Your Spells              Type           Power        Failure   Level  Hunger
a - Flame Tongue          Conj/Fire      ####.        1%          1    None
b - Throw Flame           Conj/Fire      ####..       1%          2    None
c - Conjure Flame         Conj/Fire      ####....     2%          3    #......
d - Inner Flame           Hex/Fire       ###.....     10%         3    #......
e - Sticky Flame          Conj/Fire      ####....     12%         4    ###....
f - Fireball              Conj/Fire      ####......   28%         5    #####..
g - Apportation           Tloc           #.........   10%         1    None


Dungeon Overview and Level Annotations

Branches:
Dungeon (5/15)
 Temple: D:4-7

Altars:
Ru
Vehumet
Xom


Message History

The sticky flame hits the jackal zombie.
The jackal zombie is covered in liquid flames!
The jackal zombie burns!
You destroy the jackal zombie!
Unknown command.
You start resting.
Magic restored.
Found a stone staircase leading up.
Your magical contamination has completely faded away.
Found a radiant altar of Vehumet.
Found a scroll labeled OMISORHUP.
Found a stone staircase leading down.
Really walk into a travel-excluded area?
Really walk into that cloud of flame?
You are engulfed in roaring flames.
Ouch! That really hurt!
There is a radiant altar of Vehumet here.
You are engulfed in roaring flames.
Ouch! That really hurt!
You die...

**,,,,,,***#.,...................
*,,,∩,,* #.##..#...###.........
**,,,,,* #.....,....#..##.#####
**,,,*#####..>.,......###.# ###
**,,,........####.#......# #..
*,,,..........##..(#....# #.#
*,,,***#?.§§§.#...##.##.###.#
*,,,* *#..§....#....##.....#
*,,,* #.§.@.##...#######..# *****
#§.§§.$..#.#* #...#
##....####..#***#.#.# #..####
##...*#..#.. ###* *##.##<####
*.##.* # ***,.#.***# *,,,,.,,,..
*,,,,,,,...


There were no monsters in sight!

Vanquished Creatures
  Prince Ribbit (D:5)
  The ghost of p0werm0de the Insei, an amateur OpAr of Cheibriados (D:4)
  An ogre (D:4)
  A big kobold (D:4)
  Blork the orc (D:5)
  A giant frog zombie (D:3)
  An orc priest (D:4)
  An orc wizard (D:4)
  Terence (D:2)
  A worker ant (D:5)
  3 adders
  An ooze (D:1)
  A worm (D:3)
  A dart slug (D:3)
  A giant gecko (D:2)
  5 orcs
  8 bats
  4 giant cockroaches
  7 goblins
  9 hobgoblins
  3 jackals (D:3)
  A quokka (D:3)
  A ball python (D:2)
  4 giant newts
  A jackal zombie (D:5)
  24 kobolds
  11 rats
  4 plants (D:4)
99 creatures vanquished.

Notes
Turn   | Place    | Note
--------------------------------------------------------------
     0 | D:1      | Kidiri the Deep Elf Fire Elementalist began the quest for the Orb.
     0 | D:1      | Reached XP level 1. HP: 10/10 MP: 6/6
   183 | D:1      | Reached XP level 2. HP: 15/15 MP: 6/8
   386 | D:1      | Learned a level 2 spell: Throw Flame
   664 | D:2      | Noticed Terence
   907 | D:2      | Reached XP level 3. HP: 19/19 MP: 6/10
   915 | D:2      | Learned a level 3 spell: Conjure Flame
   919 | D:2      | Learned a level 3 spell: Inner Flame
  1212 | D:2      | Found a shimmering altar of Xom.
  1212 | D:2      | Found a sacrificial altar of Ru.
  1320 | D:2      | Killed Terence
  1320 | D:2      | Reached skill level 4 in Spellcasting
  1320 | D:2      | Reached XP level 4. HP: 24/24 MP: 0/12
  2267 | D:3      | Reached XP level 5. HP: 28/28 MP: 11/14
  2279 | D:3      | Learned a level 4 spell: Sticky Flame
  2662 | D:4      | Noticed an ogre
  2669 | D:4      | Killed an ogre
  2669 | D:4      | Reached skill level 5 in Spellcasting
  2669 | D:4      | Reached skill level 5 in Fire Magic
  2677 | D:4      | Noticed p0werm0de's ghost (amateur OpAr)
  2807 | D:4      | Reached XP level 6. HP: 20/32 MP: 8/16
  3154 | D:4      | Killed p0werm0de's ghost
  3423 | D:4      | Reached skill level 6 in Spellcasting
  3423 | D:4      | Reached XP level 7. HP: 37/37 MP: 7/18
  3444 | D:4      | Reached skill level 1 in Evocations
  3653 | D:4      | Learned a level 5 spell: Fireball
  3868 | D:5      | Entered Level 5 of the Dungeon
  3989 | D:5      | Noticed Prince Ribbit
  3994 | D:5      | Killed Prince Ribbit
  3994 | D:5      | Reached skill level 1 in Fighting
  3994 | D:5      | Reached skill level 1 in Short Blades
  3994 | D:5      | Reached skill level 1 in Shields
  4014 | D:5      | Learned a level 1 spell: Apportation
  4074 | D:5      | Noticed Blork the orc
  4084 | D:5      | Killed Blork the orc
  4148 | D:5      | Found a radiant altar of Vehumet.
  4158 | D:5      | Engulfed by a cloud of flame

Vault maps used:
D:1:      dpeg_arrival_erosion
D:2:      gammafunk_temple_overflow_statue, minmay_rat_gold_closets,
          uniq_terence
D:3:      minivault_23
D:4:      kennysheep_kobold_camp, first_bread
D:5:      fiery_altar_vehumet, nicolae_alphabet_shops, uniq_prince_ribbit1,
          uniq_blork_the_orc

Skill      XL: |  1  2  3  4  5  6  7 |
---------------+----------------------+-----
Conjurations   | 2 3 4 |  4.7
Fire Magic     | 4 5 |  5.9
Spellcasting   | 4 5 6 |  6.6
Evocations     | 1 |  1.5
Fighting       | 1 |  1.0
Short Blades   | 1 |  1.2
Shields        | 1 |  1.0
Dodging        | 3 |  3.1
Armour         | |  0.8
Stealth        | |  2.4

Action                   |  1- 3 |  4- 6 |  7- 9 || total
-------------------------+-------+-------+-------++-------
Melee: Dagger            |    20 |     7 |     3 ||    30
 Cast: Flame Tongue      |    44 |    52 |    17 ||   113
       Throw Flame       |    11 |    16 |     5 ||    32
       Conjure Flame     |     1 |     2 |       ||     3
       Sticky Flame      |       |     1 |     3 ||     4
       Inner Flame       |       |     2 |     2 ||     4
  Use: Scroll            |     8 |     5 |     2 ||    15
 Stab: Sleeping          |     4 |     1 |       ||     5
  Eat: Chunk             |     1 |     6 |       ||     7
       Meat ration       |       |     1 |       ||     1
Armor: Robe              |     5 |     4 |     4 ||    13
Dodge: Dodged            |    16 |    17 |     4 ||    37
